AoeStats
← shutianchen

Arena

508182784Analyzed
4v4 RM · 10d ago on Sep 21, 2026· 49m 8s· 8 players
Game mode
Random Map
Map size
Large (8 player)
Population
200
Speed
Normal
Resources
Standard
Victory
Conquest
Starting age
Dark Age
Ending age
Imperial Age
RankedLock teamsTeams togetherTeam positionsShared explorationLock speedFull tech treeHidden civsTurbo modeCheats
Victory
Defeat
🇹🇼 Khmer · Taiwan
943
+16
🇨🇳 Goths · China
940
+16
🇨🇳 Poles · China
895
+18
🇨🇳 Bulgarians · China
762
+23
🇵🇰 Italians · Pakistan
1019
-22
🇲🇲 Mongols · Myanmar (Burma)
1008
-21
🇳🇱 Georgians · Netherlands
964
-19
🇮🇹 Burgundians · Italy
754
-11
POP MART
11:00 Feudal Age
11:31 Double-Bit Axe
15:01 Castle Age
14:24 Horse Collar
16:43 Bow Saw
17:40 Heavy Plow
18:29 Loom
20:21 Gold Mining
21:37 Wheelbarrow
24:44 Hand Cart
28:52 Imperial Age
26:10 Town Watch
26:35 Treadmill Crane
27:05 Fortified Wall
27:09 Forging
27:04 Scale Barding Armor
27:42 Husbandry
27:53 Bloodlines
28:25 Iron Casting
28:46 Town Patrol
28:58 Light Cavalry
29:00 Cavalier
29:47 Szlachta Privileges
30:03 Conscription
30:26 Crop Rotation
31:06 Blast Furnace
30:27 Chain Barding Armor
31:05 Lechitic Legacy
32:16 Coinage
31:43 Fletching
34:35 Banking
34:28 Winged Hussar
37:46 Masonry
37:57 Ballistics
38:37 Chemistry
37:44 Siege Engineers
37:36 Bodkin Arrow
38:46 Stone Mining
46:12 Caravan
46:51 Stone Shaft Mining
观月
0:32 Loom
13:30 Feudal Age
18:13 Castle Age
17:44 Forging
18:52 Double-Bit Axe
25:38 Gold Mining
31:54 Gold Shaft Mining
36:59 Wheelbarrow
38:59 Hand Cart
45:16 Horse Collar
51:24 Imperial Age
shutianchen
11:32 Feudal Age
14:28 Castle Age
13:31 Horse Collar
13:37 Double-Bit Axe
13:48 Stone Mining
21:47 Heavy Plow
23:30 Wheelbarrow
24:49 Bow Saw
27:35 Imperial Age
27:09 Hand Cart
26:58 Gold Mining
28:05 Elite Ballista Elephant
29:44 Double Crossbow
32:02 Crop Rotation
32:13 Gold Shaft Mining
32:13 Stone Shaft Mining
33:24 Chemistry
34:05 Ballistics
812508893
10:49 Feudal Age
11:14 Double-Bit Axe
11:11 Horse Collar
15:27 Castle Age
16:29 Bow Saw
16:20 Heavy Plow
23:44 Wheelbarrow
23:37 Gold Mining
25:08 Hand Cart
24:50 Stone Mining
26:28 Stone Shaft Mining
26:25 Squires
27:35 Man-at-Arms
27:35 Pikeman
31:26 Imperial Age
29:24 Long Swordsman
30:17 Forging
30:08 Scale Mail Armor
31:38 Iron Casting
31:18 Chain Mail Armor
31:17 Masonry
31:05 Murder Holes
31:18 Caravan
31:38 Anarchy
32:56 Crop Rotation
33:28 Two-Man Saw
33:11 Bloodlines
33:02 Husbandry
32:22 Cavalier
32:22 Light Cavalry
34:06 Blast Furnace
32:36 Two-Handed Swordsman
32:48 Elite Huskarl
33:35 Champion
35:24 Perfusion
35:50 Town Watch
35:52 Loom
36:27 Scale Barding Armor
36:56 Architecture
36:51 Ballistics
38:52 Chain Barding Armor
37:55 Halberdier
39:02 Hussar
40:04 Fletching
40:14 Padded Archer Armor
sehal
10:18 Feudal Age
15:42 Castle Age
13:36 Double-Bit Axe
14:05 Horse Collar
15:28 Loom
24:21 Fletching
24:32 Padded Archer Armor
25:10 Bow Saw
25:10 Heavy Plow
26:19 Wheelbarrow
28:12 Bodkin Arrow
28:39 Leather Archer Armor
29:06 Gold Mining
29:08 Stone Mining
32:59 Imperial Age
31:02 Ballistics
30:53 Fortified Wall
30:39 Murder Holes
30:46 Squires
30:32 Arson
31:46 Stone Shaft Mining
31:31 Hand Cart
31:29 Scale Mail Armor
32:52 Chain Mail Armor
33:47 Bracer
34:18 Ring Archer Armor
34:20 Plate Mail Armor
34:41 Conscription
33:43 Elite Genoese Crossbowman
37:00 Forging
40:12 Iron Casting
49:25 Chemistry
Kingslayers_
11:07 Feudal Age
16:31 Castle Age
14:44 Double-Bit Axe
20:57 Loom
26:01 Bow Saw
25:33 Horse Collar
26:45 Forging
26:36 Scale Mail Armor
26:42 Heavy Plow
27:57 Two-Man Saw
32:06 Imperial Age
30:41 Chain Mail Armor
32:25 Gold Mining
32:28 Stone Mining
34:46 Crop Rotation
34:56 Wheelbarrow
34:35 Husbandry
33:56 Cavalier
33:56 Light Cavalry
35:12 Plate Mail Armor
37:07 Iron Casting
37:03 Elite Coustillier
40:00 Blast Furnace
41:35 Burgundian Vineyards
hactor
11:15 Feudal Age
16:42 Castle Age
14:54 Double-Bit Axe
15:04 Gold Mining
15:00 Horse Collar
17:47 Bow Saw
17:44 Heavy Plow
20:44 Wheelbarrow
20:14 Loom
29:32 Gold Shaft Mining
28:51 Stone Mining
30:05 Ballistics
29:33 Town Watch
33:40 Imperial Age
31:16 Husbandry
31:15 Murder Holes
31:55 Fletching
33:17 Nomads
33:23 Bodkin Arrow
33:48 Bloodlines
34:00 Hand Cart
35:37 Chemistry
34:50 Bracer
35:55 Stone Shaft Mining
35:36 Padded Archer Armor
36:33 Elite Mangudai
37:59 Town Patrol
38:18 Leather Archer Armor
39:30 Parthian Tactics
39:29 Scale Barding Armor
40:12 Conscription
40:52 Chain Barding Armor
41:31 Light Cavalry
45:07 Hussar
prsdntsdghtr
10:34 Feudal Age
10:22 Loom
15:27 Castle Age
13:34 Double-Bit Axe
14:20 Horse Collar
15:52 Wheelbarrow
16:33 Bow Saw
19:20 Heavy Plow
24:10 Gold Mining
27:28 Hand Cart
32:06 Imperial Age
31:02 Stone Mining
30:43 Pikeman
31:26 Squires
31:11 Arson
32:14 Fortified Wall
33:46 Stone Shaft Mining
34:46 Onager
35:25 Halberdier
39:02 Onager
Connection lost

Rejoining the realm…

Still unreachable

The connection could not be restored.

Session expired

The server has moved on; the page needs a fresh start.